 Dungeon Crawl Stone Soup version 0.22-a0-259-gdd11e71 (webtiles) character file.

66 Amnesiac the Ducker (level 3, -6/28 HPs)
             Began as a Spriggan Berserker on Mar 5, 2018.
             Was a Believer of Trog.
             Mangled by an orc priest
             ... wielding a +0 flail
              (13 damage)
             ... on level 2 of the Dungeon.
             The game lasted 00:01:47 (1000 turns).

Amnesiac the Ducker (Spriggan Berserker)            Turns: 1000, Time: 00:01:48

Health: -6/28      AC:  2    Str: 19    XL:     3   Next: 96%
Magic:  4/4        EV: 19    Int:  8    God:    Trog [**....]
Gold:   27         SH:  0    Dex: 15    Spells: 2/2 levels left

rFire    . . .     SeeInvis +   a - +0 falchion
rCold    . . .     Gourm    .   (shield restricted)
rNeg     . . .     Faith    .   b - +0 animal skin
rPois    .         Spirit   .   (helmet restricted)
rElec    .         Reflect  .   (no cloak)
rCorr    .         Harm     .   (gloves unavailable)
MR       .....     Rnd*Tele +   (boots unavailable)
Stlth    ..........             (no amulet)
HPRegen  0.09/turn              d - ring of teleportation (curse)
MPRegen  0.09/turn              (no ring)

@: berserking, very quick
A: very small, unfitting armour, see invisible, herbivore, speed 3, slow
metabolism 2
a: Berserk, Trog's Hand, Renounce Religion


You were on level 2 of the Dungeon.
You worshipped Trog.
Trog was pleased with you.
You were hungry.

You visited 1 branch of the dungeon, and saw 2 of its levels.

You collected 27 gold pieces.

Inventory:

Hand Weapons
 a - a +0 falchion (weapon)
Armour
 b - a +0 animal skin (worn)
Jewellery
 d - a cursed ring of teleportation (left hand)
Potions
 e - a potion of lignification {!q, unknown}
Comestibles
 c - 2 rations


   Skills:
 + Level 2.4 Fighting
 * Level 4.0 Long Blades
 + Level 4.4 Dodging


You had 2 spell levels left.
You didn't know any spells.

Dungeon Overview and Level Annotations

Branches:
Dungeon (2/15)

Altars:


Innate Abilities, Weirdness & Mutations

You are very small and have problems with some larger weapons.
You are too small for most types of armour.
You have supernaturally acute eyesight. (SInv)
You are a herbivore.
You cover ground extremely quickly.
You need to consume almost no food.


Message History

A red film seems to cover your vision as you go berserk!
You feel yourself moving faster!
You feel mighty!
You feel a lot more hungry.
You hit the orc priest.
The orc priest is moderately wounded.
You slash the orc priest!
You kill the orc priest!
Trog accepts your kill.
Your Long Blades skill increases to level 4!
Unknown command.
Unknown command.
Unknown command.
You feel a strong urge to attack something.
There is an escape hatch in the ceiling here.
A mysterious force pulls you upwards. The hatch slams shut behind you.
You feel your anger nearly subside.
You are no longer berserk.
You pass out from exhaustion.
You feel yourself slow down.
You can move again.
There is an escape hatch in the floor here.
You start resting.
HP restored.
You start resting.
You feel yourself speed up.
You start resting.
You slide downwards.
The hatch slams shut behind you.
A quokka comes into view.
A quokka is nearby!
A quokka is nearby!
The quokka bites you.
You barely miss the quokka. The quokka barely misses you.
The quokka closely misses you.
You riposte.
You closely miss the quokka. You hit the quokka.
You kill the quokka!
Trog accepts your kill.
No target in view!
You recover from your berserk rage.
A rat comes into view.
You see here a shiny golden ring.
A rat is nearby!
A rat is nearby!
You hit the rat.
You kill the rat!
Trog accepts your kill.
No target in view!
No target in view!
d - a shiny golden ring
e - a smoky cyan potion {!q} Put on which piece of jewellery? (? for menu, Esc to quit)
You feel slightly jumpy.
Oops, that ring feels deathly cold.
d - a cursed ring of teleportation (left hand)
An orc priest comes into view. It is wielding a flail.
The orc priest shouts!
An orc priest is nearby!
An orc priest is nearby!
You barely miss the orc priest.
The orc priest invokes the aid of Beogh against you.
Beogh smites you!
Ouch! That really hurt!
* * * LOW HITPOINT WARNING * * *
A red film seems to cover your vision as you go berserk!
You feel yourself moving faster!
You feel mighty!
You are feeling hungry.
The orc priest hits you with a flail!
You die...

########.# #.# #######.#
#.# #.......# ######.###
#.####### #........# #.#
#####........# #.#
#...........†# #.#
#..................
#.#####.[..##########....
#.......†..@o...... ...
#######.<..######## ..
#....# ######


You could see an orc priest.

Vanquished Creatures
  An orc priest (D:2)
  An ooze (D:1)
  A dart slug (D:2)
  A leopard gecko (D:1)
  An orc (D:2)
  3 bats (D:1)
  4 giant cockroaches
  4 goblins
  A quokka (D:2)
  6 kobolds
  4 rats
27 creatures vanquished.

Notes
Turn   | Place    | Note
-------+----------+-------------------------------------------
     0 | D:1      | Amnesiac the Spriggan Berserker began the quest for the Orb.
     0 | D:1      | Reached XP level 1. HP: 11/11 MP: 2/2
   409 | D:1      | Reached XP level 2. HP: 6/16 MP: 3/3
   922 | D:2      | Reached XP level 3. HP: 16/19 MP: 4/4
   927 | D:2      | Reached ** piety under Trog
  1000 | D:2      | Mangled by an orc priest

Vault maps used:
D:1:      dpeg_arrival_long_road, nrook_mini_backslash, minmay_misc_feat_chi
D:2:      uniq_natasha

Skill      XL: |  1  2  3 |
---------------+----------+-----
Long Blades    | 3 4 |  4.0
Fighting       | |  2.4
Dodging        | |  4.4

Action                   || total
-------------------------++-------
Melee: Falchion          ||    55
Invok: Berserk           ||     3
 Stab: Sleeping          ||     3
Armor: Animal skin       ||     5
Dodge: Dodged            ||    46
       Rpst.: Falchion   ||    19

Table legend:
 A = Spawn XP
 B = Non-spawn XP
 C = Spawn XP percentage of total XP
 D = Spawn monster count
 E = Non-spawn monster count
 F = Spawn count percentage of total count
 G = Total turns spent on level
                    A         B        C        D         E        F      G
               +---------+---------+-------+---------+---------+-------+---------
         Total |       0 |      95 |   0.0 |       0 |      27 |   0.0 |  1000
               +---------+---------+-------+---------+---------+-------+---------
           D:1 |       0 |      32 |   0.0 |       0 |      16 |   0.0 |   908
           D:2 |       0 |      63 |   0.0 |       0 |      11 |   0.0 |    92
               +---------+---------+-------+---------+---------+-------+---------
